Map: Dusk Towers

Players

LilDicky

  • Race: Terran Terran
  • League: Diamond

fOOfcat - Winner!

  • Race: Zerg Zerg
  • League: Diamond

VOD

http://www.twitch.tv/tumescentpie

Description

Time

  • Played on: Dec. 13, 2015, 8:58 p.m.
  • Length: 2:34
Show
View Real Time Build Order
Export as new Build Order

LilDicky Terran 

Build Orders: Reaper Expand 

Get SALT Encoding   

  12  0:01  SCV  
  13  0:13  SCV  
  14  0:17  Supply Depot  
  14  0:25  SCV  
  15  0:31  Refinery  
  15  0:39  SCV  
  16  0:45  Barracks  
  16  0:53  SCV  
  17  1:05  SCV  
  18  1:17  SCV  
  19  1:32  Orbital Command  
  19  1:33  Reaper  
  20  1:43  Command Center  
  20  1:57  Supply Depot  
  20  2:01  SCV  
  20  2:07  Factory  
Show
View Real Time Build Order
Export as new Build Order

fOOfcat Zerg - Winner!

Build Orders: Pool Only 

Get SALT Encoding   

  12  0:04  Drone  
  13  0:10  Drone  
  14  0:26  Extractor  
  14  0:28  Spawning Pool  
  12  0:31  Drone  
  12  0:35  Drone  
  14  0:52  Overlord  
  14  1:16  Zergling x6  
  17  1:31  Zergling x2  
  18  1:38  Zergling x2  
  19  1:49  Zergling x2  
  19  1:53  Baneling Nest  
  19  1:59  Zergling x2  
Tags
 
Add a new tag
Caveats
  • Supply blocks, unpowered buildings, or Contaminate may cause inaccurate times.
  • Supply counts are checked every 10 seconds.